 Dungeon Crawl Stone Soup version 0.25.0-11-g1f837a76a1 (webtiles) character file.

Game seed: 6046041007512022247

573 kalagan the Cudgeler (level 7, -6/44 HPs)
             Began as a Gargoyle Fighter on June 27, 2020.
             Mangled by an ogre
             ... wielding a +0 giant club
              (10 damage)
             ... on level 4 of the Dungeon.
             The game lasted 00:05:50 (4241 turns).

kalagan the Cudgeler (Gargoyle Fighter)             Turns: 4241, Time: 00:05:50

Health: -6/44      AC: 13    Str: 21    XL:     7   Next: 34%
Magic:  7/7        EV:  9    Int:  9    God:
Gold:   141        SH:  9    Dex:  9    Spells: 6/6 levels left

rFire    . . .     SeeInvis +   a - +0 flail
rCold    . . .     Gourm    .   c - +0 kite shield
rNeg     + . .     Faith    .   b - +0 scale mail
rPois    ∞         Spirit   .   o - +0 helmet
rElec    +         Reflect  .   (no cloak)
rCorr    .         Harm     .   (no gloves)
MR       .....                  (no boots)
Stlth    ..........             (no amulet)
HPRegen  0.14/turn              w - ring of see invisible
MPRegen  0.10/turn              (no ring)

@: brilliant
A: negative energy resistance 1, electricity resistance, unbreathing,
petrification resistance, rot immunity, AC +4
a: no special abilities


You were on level 4 of the Dungeon.
You were hungry.

You visited 1 branch of the dungeon, and saw 4 of its levels.

You collected 141 gold pieces.

Inventory:

Hand Weapons
 a - a +0 flail (weapon)
Missiles
 s - 2 atropa-tipped darts (quivered)
Armour
 b - a +0 scale mail (worn)
 c - a +0 kite shield (worn)
 o - a +0 helmet (worn)
Jewellery
 w - a ring of see invisible (left hand)
Wands
 t - a wand of flame (10)
 v - a wand of disintegration (18)
Scrolls
 e - 5 scrolls of identify {unknown}
 g - a scroll of fog {unknown}
 i - a scroll of amnesia {unknown}
 l - a scroll of teleportation {unknown}
 m - a scroll of remove curse {unknown}
 n - a scroll of magic mapping {unknown}
 p - a scroll of immolation {unknown}
 q - 3 scrolls of enchant weapon {unknown}
 r - a scroll of fear {unknown}
Potions
 d - a potion of brilliance
 h - a potion of invisibility {unknown}
 j - 2 potions of lignification {unknown}
 k - a potion of cancellation {unknown}
Comestibles
 f - 5 rations
 u - a chunk of flesh


   Skills:
 + Level 4.4 Fighting
 * Level 4.6 Maces & Flails
 + Level 4.4 Armour
 * Level 3.1 Dodging
 + Level 4.4 Shields


You had 6 spell levels left.
You didn't know any spells.
Your spell library contained the following spells:

 Spells                   Type           Power        Failure   Level  Hunger
 Corona                   Hex            #......      99%         1    None
 Ensorcelled Hibernation  Hex/Ice        #.....       99%         2    None
 Confusing Touch          Hex            #.......     100%        3    None
 Dazzling Flash           Conj/Hex       #.....       100%        3    None
 Tukima's Dance           Hex            #.......     100%        3    None


Dungeon Overview and Level Annotations

Branches:
Dungeon (4/15)
 Temple: D:4-7

Altars:
Dithmenos
Hepliaklqana
Okawaru
Trog


Innate Abilities, Weirdness & Mutations

You are resistant to torment.
Your stone body is resilient. (AC +4)
You are immune to poison.
You resist negative energy. (rN+)
You are resistant to electric shocks. (rElec)
You can survive without breathing.
You are immune to petrification.
You are immune to rotting.


Message History

The ogre hits you with a +0 giant club. You block the gnoll's attack.
Your shield and scale mail prevent you from hitting the ogre.
The ogre is moderately wounded.
You block the ogre's attack. You block the gnoll's attack.
Unknown command.
The ogre hits you but does no damage.
Things that are here:
a +0 club; a gnoll corpse You hit the ogre.
The ogre is heavily wounded.
The ogre hits you with a +0 giant club!
* * * LOW HITPOINT WARNING * * *
The gnoll barely misses you. The ogre hits you with a +0 giant club!
* * * LOW HITPOINT WARNING * * *
There is a stone staircase leading up here.
It was a potion of brilliance.
You feel clever all of a sudden. The ogre hits you with a +0 giant club!
You die...

##..### #..#
##.....### #..#
#........# #.##
#........####.#
#.........##..#
#.............#
#..........##.##
#.........####.##
#..@Og....# ##.##
#........##
##.### #.......##
#.... ##....###
##.^. #...## #..#
##### #..# #(.#
#..# #..#


You could see an ogre and a gnoll.

Vanquished Creatures
  Sigmund (D:3)
  A howler monkey (D:4)
  A bullfrog skeleton (D:4)
  An orc priest (D:3)
  Ijyb (D:4)
  3 orc wizards
  Robin (D:3)
  3 gnolls (D:4)
  5 adders
  5 worms
  4 dart slugs
  A leopard gecko (D:3)
  4 orcs
  2 ball pythons
  11 bats
  6 giant cockroaches
  15 goblins
  7 hobgoblins
  8 jackals
  8 kobolds
  4 quokkas
  6 frilled lizards
  2 leopard gecko skeletons (D:4)
  6 rats
106 creatures vanquished.

Notes
Turn   | Place    | Note
-------+----------+-------------------------------------------
     0 | D:1      | kalagan the Gargoyle Fighter began the quest for the Orb.
     0 | D:1      | Reached XP level 1. HP: 14/14 MP: 1/1
    88 | D:1      | Reached XP level 2. HP: 17/19 MP: 2/2
   473 | D:1      | You fall into a shaft and drop 1 floor!
   529 | D:2      | Reached skill level 1 in Dodging
   529 | D:2      | Reached XP level 3. HP: 20/23 MP: 3/3
  1243 | D:2      | Reached XP level 4. HP: 28/28 MP: 4/4
  1840 | D:3      | Noticed Robin
  1880 | D:3      | Killed Robin
  2028 | D:3      | Found a bloodstained altar of Trog.
  2109 | D:3      | Reached XP level 5. HP: 31/33 MP: 5/5
  2381 | D:3      | Noticed Sigmund
  2407 | D:3      | Killed Sigmund
  2407 | D:3      | Reached XP level 6. HP: 5/38 MP: 6/6
  2769 | D:3      | Found an iron altar of Okawaru.
  2769 | D:3      | Found a shadowy altar of Dithmenos.
  2839 | D:3      | Found a hazy altar of Hepliaklqana.
  3713 | D:4      | Noticed Ijyb
  3744 | D:4      | Killed Ijyb
  3744 | D:4      | Reached XP level 7. HP: 26/44 MP: 7/7
  4241 | D:4      | Mangled by an ogre

Illustrated notes

Levels and vault maps discovered:
D:1:      minmay_arrival_shattered_statue, layout_loops_cross
D:2:      layout_loops_corners
D:3:      layout_loops_corners, nicolae_overflow_crystal_walls,
          overflow_temple_1_default, gammafunk_temple_overflow_elements,
          kennysheep_potato, uniq_sigmund, uniq_robin
D:4:      layout_cave_pods, kennysheep_mini_moat, first_ration, uniq_ijyb,
          uniq_crazy_yiuf_cottage, uniq_pikel

Skill      XL: |  1  2  3  4  5  6  7 |
---------------+----------------------+-----
Dodging        | 1 2 3 |  3.1
Maces & Flails | 3 4 |  4.6
Fighting       | 4 |  4.4
Armour         | 4 |  4.4
Shields        | 4 |  4.4

Action                   |  1- 3 |  4- 6 |  7- 9 || total
-------------------------+-------+-------+-------++-------
Melee: Flail             |   105 |   282 |    74 ||   461
Evoke: Wand              |       |       |     1 ||     1
  Use: Potion            |       |     1 |     1 ||     2
  Eat: Chunk             |     1 |     9 |     1 ||    11
Armor: Scale mail        |    74 |   167 |    35 ||   276
Dodge: Dodged            |    21 |   109 |    32 ||   162
Block: Kite shield       |    66 |   148 |    41 ||   255
